 Dungeon Crawl Stone Soup version 0.28.0 (webtiles) character file.

Game seed: 1838245895085009585

31 HallandMoats the Skirmisher (level 3, 29/29 HPs)
             Began as a Demonspawn Monk on Feb 7, 2022.
             Was a Believer of Trog.
             Got out of the dungeon alive.
             The game lasted 00:01:21 (1154 turns).

HallandMoats the Skirmisher (Demonspawn Monk)       Turns: 1154, Time: 00:01:21

Health: 29/29      AC:  2    Str: 13    XL:     3   Next: 7%
Magic:  4/4        EV: 13    Int: 11    God:    Trog [**....]
Gold:   14         SH:  0    Dex: 15    Spells: 2/2 levels left

rFire   . . .      SeeInvis .   a - +0 hand axe
rCold   . . .      Faith    .   (no shield)
rNeg    . . .      Spirit   .   b - +0 robe
rPois   .          Reflect  .   (no helmet)
rElec   .          Harm     .   (no cloak)
rCorr   .          Rampage  .   (no gloves)
Will    .....                   (no boots)
Stlth   ++........              (no amulet)
HPRegen 0.09/turn               (no ring)
MPRegen 0.09/turn               (no ring)

@: no status effects
A: hooves 1, demonic magic 1
a: Renounce Religion, Berserk, Trog's Hand


You escaped.
You worshipped Trog.
Trog was pleased with you.
You visited 1 branch of the dungeon, and saw 2 of its levels.

You collected 14 gold pieces.

Inventory:

Hand Weapons
 a - a +0 hand axe (weapon)
Armour
 b - a +0 robe (worn)
 e - a +0 cloak
Jewellery
 f - a ring of willpower
Scrolls
 c - a scroll of immolation {unknown}
 h - a scroll of identify {unknown}
Potions
 d - a potion of haste {unknown}
 g - a potion of flight {unknown}
 i - a potion of attraction {unknown}


   Skills:
 + Level 3.2 Fighting
 + Level 2.9 Axes
 + Level 0.9 Armour
 + Level 2.9 Dodging
 - Level 1.7 Stealth
 + Level 1.5 Invocations


You had 2 spell levels left.
You didn't know any spells.
Your spell library was empty.

Dungeon Overview and Level Annotations

Branches:
Dungeon (2/15)

Altars:
Trog


Innate Abilities, Weirdness & Mutations

You have large cloven feet.
Spells you cast may paralyse adjacent enemies.


Message History

The endoplasm quivers.
The endoplasm barely misses you.
There is a fountain of clear blue water here.
You hit the endoplasm.
The endoplasm is severely wounded.
The endoplasm closely misses you. The endoplasm freezes you.
You are frozen.
You hit the endoplasm.
You kill the endoplasm!
No target in view!
No target in view!
There is a faded altar of an unknown god here.
You cannot tell which god this altar belongs to.
Convert to them anyway?
Trog accepts your prayer! Trog welcomes you!
You can now go berserk at will.
You can now call upon Trog for regeneration and willpower.
Unknown command.
Press < or > to pray at altars.
(D) Dungeon
Where to? (Enter - D:1, ? - help)
What level of the Dungeon? (default 1, ? - help)
Found a leather armour.
You open the door.
There is an open door here.
You open the door.
There is an open door here.
HP restored.
You see here a +0 leather armour.
There is an open door here.
As you open the door, it creaks loudly!
(D) Dungeon
Where to? (Enter - D:1 @ (x,y), ? - help)
What level of the Dungeon? (default 1, ? - help)
There is an open door here.
There is a dry fountain here.
There is a staircase leading out of the dungeon here.
Are you sure you want to leave the Dungeon?
This will make you lose the game!
You have escaped!

#............##
#.....#
####.........#
###########
#............#
####.........###
...#........[#
###...............
...'.....#...#
#.......⌠...⌠.....
...##.#..#...#
##...⌠.........⌠..
#..##.#......#
#.........≈.......
#..##.#....#.#
#...⌠...........⌠.
#..##.##...#.#
#@.....≈.....≈....
...##.##...#.#
#...⌠...........⌠.
...##....#..>#
#.........≈.......
♣#.###########
##...⌠....(....⌠..
♣#.#
#.......⌠...⌠.....
♣#[♣##
###..........(....
♣#♣♣.
####.........###
.♣ ########## ♣
♣.♣


There were no monsters in sight!

Vanquished Creatures
  A dart slug (D:1)
  2 ball pythons
  4 bats (D:1)
  4 endoplasms
  5 goblins
  3 hobgoblins (D:1)
  2 quokkas (D:1)
  6 rats
27 creatures vanquished.

Notes
Turn   | Place    | Note
-------+----------+-------------------------------------------
     0 | D:1      | HallandMoats the Demonspawn Monk began the quest for the
                  | Orb.
     0 | D:1      | Reached XP level 1. HP: 18/18 MP: 1/1
   203 | D:1      | Discovered your monstrous ancestry.
   203 | D:1      | Gained mutation: You have large cloven feet. [demonic
                  | ancestry]
   203 | D:1      | Reached XP level 2. HP: 23/24 MP: 2/2
   277 | D:1      | Reached skill level 1 in Invocations
   681 | D:1      | You fall into a shaft and drop 1 floor!
   918 | D:2      | Gained mutation: Spells you cast may paralyse adjacent
                  | enemies. [demonic ancestry]
   918 | D:2      | Reached XP level 3. HP: 26/29 MP: 4/4
  1049 | D:1      | Found a faded altar of an unknown god.
  1069 | D:1      | Prayed at the altar of an unknown god.
  1069 | D:1      | Became a worshipper of Trog the Wrathful
  1069 | D:1      | Reached * piety under Trog
  1069 | D:1      | Reached ** piety under Trog
  1154 | D:$      | Got out of the dungeon alive.

Illustrated notes

Levels and vault maps discovered:
D:1:      dpeg_arrival_stone_temple_mockup, layout_basic,
          shapermc_ecumenical_altar_totnotflames
D:2:      layout_basic, serial_glass, glass_columns_c, glass_columns_a,
          glass_columns_a, glass_columns_a, minmay_strange_pillars,
          item_on_display_a, roderic_lattice_a, chequers_serial_rivers_room_b

Skill      XL: |  1  2 |
---------------+-------+-----
Invocations    | 1 |  1.5
Fighting       | |  3.2
Axes           | |  2.9
Armour         | |  0.9
Dodging        | |  2.9
Stealth        | |  1.7

Action                   || total
-------------------------++-------
Melee: Hand axe          ||    58
       Kick              ||     3
 Stab: Sleeping          ||     2
Armor: Robe              ||    13
Dodge: Dodged            ||    53
